 Dungeon Crawl Stone Soup version 0.22-a0-162-g33bf1272b0 (console) character file.

25257 Muffindrake the Unseen (level 12, -47/91 HPs)
             Began as a Vampire Assassin on Feb 12, 2018.
             Was a High Priest of Dithmenos.
             Annihilated by an azure jelly (64 damage)
             ... on level 1 of the Pits of Slime.
             The game lasted 02:50:17 (17412 turns).

Muffindrake the Unseen (Vampire Assassin)          Turns: 17412, Time: 02:50:17

Health: -47/91     AC:  9    Str: 17    XL:     12   Next: 87%
Magic:  13/13      EV: 20    Int: 14    God:    Dithmenos [*****.]
Gold:   729        SH:  4    Dex: 25    Spells: 11/11 levels left

rFire    + . .     SeeInvis +   J - +3 dagger (venom)
rCold    x . .     Gourm    .   (no shield)
rNeg     . . .     Faith    .   r - +2 robe {MR+}
rPois    +         Spirit   .   s - +2 hat
rElec    .         Reflect  +   y - +2 cloak
rCorr    .         Harm     .   (no gloves)
MR       ++...                  (no boots)
Stlth    ++++++++++             d - +4 amulet of reflection
HPRegen  0.45/turn              w - ring of Secrets {rPois rF+ rC- Str+2}
MPRegen  0.13/turn              u - +5 ring of dexterity

@: mighty, regenerating quickly, wreathed by umbra, invisible
A: fangs 3, see invisible, unbreathing
a: Shadow Step, Shadow Form, Renounce Religion


You were on level 1 of the Pits of Slime.
You worshipped Dithmenos.
Dithmenos was extremely pleased with you.
You were almost alive.

You visited 3 branches of the dungeon, and saw 17 of its levels.
You also visited: Volcano.

You collected 789 gold pieces.
You spent 60 gold pieces at shops.

Inventory:

Hand Weapons
 b - a +0 blowgun
 c - a +1 dagger of draining
 m - a +4 quick blade
 q - a +3 vampiric long sword
 F - a +4 dagger of distortion
 J - a +3 dagger of venom (weapon)
 L - a +0 vampiric dagger
 N - a +2 dagger of speed
 O - a +1 vampiric glaive
 S - a +1 scimitar of freezing
Missiles
 e - 14 poisoned needles
 f - 2 curare-tipped needles
 l - 39 bolts
 p - 3 poisoned javelins
 C - 87 arrows
 U - 7 tomahawks (quivered)
Armour
 r - a +2 robe of magic resistance (worn)
 s - a +2 hat (worn)
 y - a +2 cloak (worn)
Magical Staves
 i - an uncursed staff of summoning {unknown}
Jewellery
 d - a +4 amulet of reflection (around neck)
 h - an uncursed ring of wizardry
 k - an uncursed amulet of harm
 u - a +5 ring of dexterity (right hand)
 w - the ring of Secrets (left hand) {rPois rF+ rC- Str+2}
   (You found it on level 4 of the Dungeon)

   [ring of poison resistance]

   It affects your strength (+2).
   It protects you from fire.
   It makes you vulnerable to cold.
   It protects you from poison.
 x - an uncursed ring of protection from fire
 z - an uncursed ring of flight
Wands
 o - a wand of paralysis (13)
 t - a wand of acid (1)
 E - a wand of polymorph (12)
 H - a wand of random effects (42)
 K - a wand of flame (23)
Scrolls
 j - 4 scrolls of amnesia
 v - 2 scrolls of fog
 A - a scroll of enchant weapon
 I - a scroll of remove curse
Potions
 g - 20 potions of blood
 n - 4 potions of flight
 G - a potion of berserk rage
Books
 a - a book of Misfortune

   Spells                             Type                      Level
   a - Confusing Touch                Hexes                        1
   b - Confuse                        Hexes                        3
   c - Gell's Gravitas                Translocation                3
   d - Petrify                        Transmutation/Earth          4
   e - Metabolic Englaciation         Hexes/Ice                    5
   f - Yara's Violent Unravelling     Hexes/Transmutation          5
Miscellaneous
 Q - a phantom mirror
 R - a lightning rod (4/4)


   Skills:
 - Level 7.1 Fighting
 + Level 15.2 Short Blades
 - Level 4.7 Throwing
 - Level 8.3 Dodging
 * Level 16.9 Stealth
 - Level 2.1 Evocations


You had 11 spell levels left.
You didn't know any spells.

Dungeon Overview and Level Annotations

Branches:
Dungeon (10/15)            Temple (0/1) D:4            Lair (6/6) D:10
 Shoals (0/4) Lair:4        Slime (1/5) Lair:6          Orc (0/2) D:10
  Snake: Lair:2-4    Spider: Lair:2-4

Altars:
Ashenzari
Dithmenos
Elyvilon
Fedhas
Qazlal
Ru
Yredelemnul
The Shining One

Shops:
D:4 *   D:7 *   D:10 (

Annotations:
D:3 motoroller71's ghost, amateur DsGl


Innate Abilities, Weirdness & Mutations

Your natural rate of healing is unusually fast.
You have razor-sharp teeth.
You have supernaturally acute eyesight. (SInv)
You can survive without breathing.


Message History

Your shadow hits the wyvern but does no damage.
The wyvern closely misses you. The wyvern closely misses you.
The wyvern completely misses you.
You hit the azure jelly but do no damage.
The azure jelly is poisoned.
You feel very mighty all of a sudden. The azure jelly hits you!
The azure jelly freezes you!!
You feel a terrible chill! The azure jelly barely misses you.
The azure jelly closely misses you. The azure jelly misses you.
You block the wyvern's attack.
You fade into invisibility!
The wyvern barely misses you. The azure jelly closely misses you.
The azure jelly misses you. The azure jelly hits you.
The azure jelly completely misses you. The wyvern bites you!
* * * LOW HITPOINT WARNING * * *
The azure jelly hits you.
* * * LOW HITPOINT WARNING * * *
The azure jelly freezes you!!!
You feel a terrible chill!
Ouch! That really hurt!
You die...

........... .
##...........
..##............
................
................
............>...
.......<........
.......lJ.......
.....#..@.......
................
....##....#.....
... ##.........
.. ##........ .
##.#..... ###..
# ...


You could see an azure jelly and a wyvern.

Vanquished Creatures
  A queen ant (D:8)
  An unseen horror (D:10)
  Pikel (D:8)
  An ugly thing (Lair:2)
  2 black mambas
  3 elephants
  Maurice (D:8)
  Psyche (D:8)
  4 spiny frogs
  A centaur skeleton (D:10)
  6 komodo dragons
  4 rime drakes
  2 trolls (D:10)
  13 blink frogs
  7 hippogriffs
  A spriggan (D:8)
  A vampire (D:10)
  3 fire bats (Volcano)
  A wyvern (Lair:4)
  7 yaks (D:10)
  A hungry ghost (D:8)
  A naga (Lair:2)
  2 wargs (D:10)
  10 water moccasins
  16 soldier ants
  4 porcupines
  5 orc warriors
  3 ice beasts
  12 ogres
  3 phantoms
  3 necrophages
  A slave (D:8)
  A black bear (D:6)
  6 centaurs
  5 wolves
  6 crocodiles
  2 big kobolds
  8 bullfrogs
  2 gnoll sergeants (D:10)
  2 scorpions
  3 killer bees (D:6)
  2 electric eels (Lair:5)
  9 wights
  3 howler monkeys (D:10)
  4 crimson imps
  3 lava snakes (Volcano)
  A quasit (D:6)
  3 jellies
  A bullfrog zombie (D:7)
  A bullfrog skeleton (D:8)
  4 hounds
  7 orc priests
  Jessica (D:2)
  33 worker ants
  5 iguanas
  8 orc wizards
  A killer bee zombie (D:8)
  3 hound zombies
  A hound skeleton (D:6)
  2 mummies (D:8)
  5 worker ant zombies
  A howler monkey zombie (D:10)
  Robin (D:4)
  2 howler monkey skeletons
  14 adders
  5 shadow imps
  An ooze (D:6)
  3 adder skeletons
  A worm (D:2)
  2 dart slugs
  4 leopard geckos
  22 orcs
  3 giant cockroaches
  15 goblins
  9 hobgoblins
  12 jackals
  12 kobolds
  5 quokkas
  A ball python (D:4)
  3 bats
  5 frilled lizards
  A leopard gecko skeleton (D:6)
  3 quokka skeletons
  4 rats
  A spectral orc (D:7)
  A fungus (Lair:1)
385 creatures vanquished.

Vanquished Creatures (others)
  3 slaves (D:8)
  A jackal (D:8)
  7 fungi
  28 plants
39 creatures vanquished.

Grand Total: 424 creatures vanquished

Notes
Turn   | Place    | Note
-------+----------+-------------------------------------------
     0 | D:1      | Muffindrake the Vampire Assassin began the quest for the Orb.
     0 | D:1      | Reached XP level 1. HP: 16/16 MP: 1/1
    24 | D:1      | Reached skill level 6 in Stealth
    89 | D:1      | Reached XP level 2. HP: 22/22 MP: 2/2
   512 | D:2      | Reached XP level 3. HP: 27/27 MP: 3/3
   555 | D:2      | Noticed Jessica
   573 | D:2      | Killed Jessica
   573 | D:2      | Reached skill level 7 in Stealth
   645 | D:2      | Reached XP level 4. HP: 23/33 MP: 4/4
  1172 | D:3      | Noticed motoroller71's ghost (amateur DsGl)
  1211 | D:4      | Found a shadowy altar of Dithmenos.
  1220 | D:4      | Became a worshipper of Dithmenos the Shadowed
  1436 | D:4      | Noticed Robin
  1476 | D:4      | Reached XP level 5. HP: 19/38 MP: 5/5
  1492 | D:4      | Killed Robin
  1536 | D:4      | Reached * piety under Dithmenos
  1626 | D:4      | Noticed a centaur
  1661 | D:4      | Found a staircase to the Ecumenical Temple.
  1662 | D:4      | Killed a centaur
  1662 | D:4      | Reached skill level 5 in Short Blades
  1662 | D:4      | Reached skill level 8 in Stealth
  1693 | D:4      | Noticed an ogre
  1695 | D:4      | Killed an ogre
  1695 | D:4      | Reached XP level 6. HP: 44/44 MP: 6/6
  1860 | D:4      | Reached skill level 9 in Stealth
  1976 | D:4      | Reached XP level 7. HP: 49/49 MP: 7/7
  2051 | D:4      | Found Cocix's General Store.
  2053 | D:4      | Got a warped wooden ring
  2054 | D:4      | Identified the ring of Secrets {rPois rF+ rC- Str+2} (You found it on level 4 of the Dungeon)
  2060 | D:4      | Bought a scroll of identify for 20 gold pieces
  2060 | D:4      | Bought a scroll of identify for 20 gold pieces
  2074 | D:4      | Bought a scroll of identify for 20 gold pieces
  2193 | D:4      | Found a glowing golden altar of the Shining One.
  2234 | D:5      | Entered Level 5 of the Dungeon
  2236 | D:5      | Found a shattered altar of Ashenzari.
  2236 | D:5      | Found a white marble altar of Elyvilon.
  2236 | D:5      | Found a sacrificial altar of Ru.
  2236 | D:5      | Found a blossoming altar of Fedhas.
  2922 | D:5      | Reached ** piety under Dithmenos
  3456 | D:6      | Reached skill level 10 in Stealth
  3575 | D:6      | Reached XP level 8. HP: 56/56 MP: 8/8
  4217 | D:6      | Reached skill level 11 in Stealth
  4562 | D:7      | Reached skill level 10 in Short Blades
  4578 | D:7      | Found Susivegi's Assorted Antiques.
  4591 | D:7      | Noticed a hippogriff
  4722 | D:7      | Killed a hippogriff
  4722 | D:7      | Reached XP level 9. HP: 61/61 MP: 9/9
  4741 | D:7      | Reached skill level 12 in Stealth
  4994 | D:7      | Got an ichor-stained dagger
  5003 | D:7      | Identified the +6 dagger "Menaaq" {chaos, Str+6} (You found it on level 7 of the Dungeon)
  5053 | D:7      | Got a shimmering mace
  5070 | D:7      | Identified the cursed +0 mace of Huacaudd {crush, rN+ Int+6} (You found it on level 7 of the Dungeon)
  5424 | D:7      | Found a basalt altar of Yredelemnul.
  5653 | D:8      | Found a stormy altar of Qazlal.
  5771 | D:8      | Noticed Maurice
  5801 | D:8      | Killed Maurice
  5801 | D:8      | Reached skill level 13 in Stealth
  5808 | D:8      | Noticed Pikel
  5845 | D:8      | Reached *** piety under Dithmenos
  6044 | D:8      | Killed Pikel
  6156 | D:8      | Noticed a queen ant
  6172 | D:8      | Reached XP level 10. HP: 61/66 MP: 10/10
  6905 | D:8      | Killed a queen ant
  6905 | D:8      | Reached skill level 14 in Stealth
  7501 | D:8      | Reached **** piety under Dithmenos
  7603 | D:8      | Reached skill level 15 in Stealth
  7800 | D:8      | Noticed Psyche
  7811 | D:8      | Killed Psyche
  8230 | D:9      | Reached XP level 11. HP: 70/70 MP: 11/11
  8374 | D:10     | Entered Level 10 of the Dungeon
  8828 | D:10     | Noticed an unseen horror
  8951 | D:10     | Killed an unseen horror
  9387 | D:10     | Found Fobu's Weapon Shop.
  9747 | D:10     | Found a staircase to the Lair.
  9846 | D:10     | Reached ***** piety under Dithmenos
  9895 | D:10     | Found a staircase to the Orcish Mines.
 10602 | D:10     | Noticed a two-headed ogre
 10603 | D:10     | Noticed an eight-headed hydra
 10603 | D:10     | Noticed a seven-headed hydra
 11100 | Lair:1   | Entered Level 1 of the Lair of Beasts
 11120 | Lair:1   | Reached skill level 5 in Dodging
 11379 | Lair:2   | Reached skill level 16 in Stealth
 11524 | Lair:2   | Found a dark tunnel.
 11531 | Volcano  | Entered a volcano
 11849 | Volcano  | Noticed a red ugly thing
 11851 | Volcano  | Noticed a hell knight
 11887 | Lair:2   | Killed a red ugly thing
 11887 | Lair:2   | Reached skill level 5 in Fighting
 12568 | Lair:1   | Reached XP level 12. HP: 86/86 MP: 12/12
 13740 | Lair:2   | Reached skill level 15 in Short Blades
 14073 | Lair:4   | Identified 2 scrolls of acquirement
 14139 | Lair:4   | Found a staircase to the Shoals.
 14978 | Lair:4   | Reached skill level 1 in Evocations
 16370 | Lair:6   | Entered Level 6 of the Lair of Beasts
 16402 | Lair:6   | Noticed a five-headed hydra
 16555 | Lair:5   | HP: 2/91 [spiny frog (13)]
 17217 | Lair:6   | Found a staircase to the Slime Pits.
 17401 | Slime:1  | Entered Level 1 of the Pits of Slime
 17401 | Slime:1  | Noticed an azure jelly
 17412 | Slime:1  | Annihilated by an azure jelly

Vault maps used:
D:1:      dpeg_arrival_tiny_k
D:2:      first_ration, st_stairs_13, uniq_jessica
D:3:      cheibrodos_sewer_entry_sluice
D:4:      kennysheep_goblin_castle, nicolae_dithmenos_shadow_blocks,
          temple_pool_b, serial_shops, shop, nicolae_tso_swordbearing_angel,
          uniq_robin
D:5:      kennysheep_spiral_hall, chequers_temple_overflow_statue_of_worship
D:7:      yredelemnul_forgotten_temple_becter, serial_shops, shop
D:8:      lemuel_doored_altar, serial_undead, serial_undead_a, serial_undead_c,
          serial_undead_f, serial_undead_c, serial_undead_f, serial_undead_c,
          serial_undead_c, the_bakery, zaba_anthell, uniq_psyche, uniq_pikel,
          uniq_maurice
D:9:      lemuel_ogre_cave, vehumet_crystals
D:10:     minmay_the_grid_triangle_9x9_rhombus_thin, erik_lair_orcish_takeover,
          kennysheep_orc_monster_closet_entryway, serial_shops,
          nicolae_shop_window_shopping
Lair:2:   guppyfry_snake_entry_island, nicolae_volcano_entry_hallway,
          mumra_transporter_accident
Lair:3:   dpeg_oklob_gauntlet, grunt_megastairs_2
Lair:4:   minmay_shoals_entry_centaurs, infiniplex_staircase_pool
Lair:5:   nicolae_quartered_pool_medium, grunt_megastairs_1
Lair:6:   due_jungle_book, slime_dummy, serial_bayou_lake_a, uniq_kirke
Slime:1:  nicolae_slime_pool
Volcano:  volcano_grotto

Skill      XL: |  1  2  3  4  5  6  7  8  9 10 11 12 |
---------------+-------------------------------------+-----
Stealth        | 6 7 8 9 10 11 13 15 16 | 16.9
Short Blades   | 3 4 5 6 8 10 12 14 15 | 15.2
Fighting       | 2 5 7 |  7.1
Dodging        | 6 8 |  8.3
Throwing       | 3 4 |  4.7
Evocations     | 2 |  2.1

Action                   |  1- 3 |  4- 6 |  7- 9 | 10-12 || total
-------------------------+-------+-------+-------+-------++-------
Melee: Dagger            |    64 |   147 |   559 |  1132 ||  1902
       Bite              |     6 |    13 |    67 |   173 ||   259
       Long sword        |       |       |       |    75 ||    75
 Fire: Blowgun           |       |       |       |    14 ||    14
Throw: Javelin           |       |       |       |     1 ||     1
 Abil: End Transformatio |       |     1 |       |       ||     1
       Bat Form          |       |     1 |       |       ||     1
Evoke: Wand              |       |     4 |    23 |    42 ||    69
  Use: Scroll            |     3 |     2 |    11 |    26 ||    42
       Potion            |       |    14 |    25 |    69 ||   108
 Stab: Sleeping          |    12 |     8 |    14 |    66 ||   100
       Distracted        |       |       |     3 |     9 ||    12
       Paralysed         |       |       |     6 |     9 ||    15
Armor: Robe              |     8 |    20 |    95 |    88 ||   211
Dodge: Dodged            |    26 |    82 |   246 |   565 ||   919
Block: Other             |       |       |       |    54 ||    54
       Rpst.: Long sword |       |       |       |    14 ||    14

Table legend:
 A = Spawn XP
 B = Non-spawn XP
 C = Spawn XP percentage of total XP
 D = Spawn monster count
 E = Non-spawn monster count
 F = Spawn count percentage of total count
 G = Total turns spent on level
                    A         B        C        D         E        F      G
               +---------+---------+-------+---------+---------+-------+---------
         Total |       0 |   36082 |   0.0 |       0 |     383 |   0.0 | 17412
               +---------+---------+-------+---------+---------+-------+---------
           D:1 |       0 |      32 |   0.0 |       0 |      18 |   0.0 |   509
           D:2 |       0 |     134 |   0.0 |       0 |      22 |   0.0 |   658
           D:4 |       0 |     702 |   0.0 |       0 |      33 |   0.0 |  1037
           D:5 |       0 |     283 |   0.0 |       0 |      24 |   0.0 |  1176
           D:6 |       0 |    1088 |   0.0 |       0 |      28 |   0.0 |  1141
           D:7 |       0 |    1391 |   0.0 |       0 |      23 |   0.0 |   898
           D:8 |       0 |    7236 |   0.0 |       0 |      81 |   0.0 |  2682
           D:9 |       0 |     187 |   0.0 |       0 |       4 |   0.0 |   262
          D:10 |       0 |    6682 |   0.0 |       0 |      67 |   0.0 |  2707
        Lair:1 |       0 |    3924 |   0.0 |       0 |      14 |   0.0 |  1308
        Lair:2 |       0 |    3911 |   0.0 |       0 |      15 |   0.0 |  1159
        Lair:3 |       0 |     153 |   0.0 |       0 |       1 |   0.0 |    53
        Lair:4 |       0 |    4266 |   0.0 |       0 |      21 |   0.0 |  1427
        Lair:5 |       0 |    2460 |   0.0 |       0 |      14 |   0.0 |  1237
        Lair:6 |       0 |    2902 |   0.0 |       0 |      12 |   0.0 |   794
       Volcano |       0 |     731 |   0.0 |       0 |       6 |   0.0 |   323
               +---------+---------+-------+---------+---------+-------+---------
